[Event "Titled Tuesday Blitz January 04 2022"]
[White "Moroni, Luca Jr"]
[Black "Bellahcene, Bilel"]
[WhiteFideId "865834"]
[BlackFideId "696358"]
[WhiteElo "2573"]
[BlackElo "2562"]
[Result "1/2-1/2"]
[Round "02"]
[TimeControl "180+1"]
[Date "2022.01.04"]
[WhiteClock "0:00:48"]
[BlackClock "0:01:02"]

1. d4 Nf6 2. Bf4 b6 3. e3 Bb7 4. Nf3 g6 5. c4 Bg7 6. h3 O-O 7. Nc3 Ne4 8. Nxe4 Bxe4 9. Bd3 Bxd3 10. Qxd3 d6 11. O-O Nd7 12. Bh2 Re8 13. a4 a5 14. Rad1 e6 15. b3 Qe7 16. e4 Rad8 17. Bg3 e5 18. Bh4 Bf6 19. Bxf6 Qxf6 20. d5 Nc5 21. Qe3 Rf8 22. Ne1 Qf4 23. Qxf4 exf4 24. Nd3 Nxb3 25. Rfe1 g5 26. e5 Nc5 27. Nxc5 bxc5 28. exd6 cxd6 29. Re7 Rfe8 30. Ra7 Re4 31. Rc1 Rb8 32. Rxa5 Rb4 33. Ra6 Rexc4 34. Rxc4 Rxc4 35. a5 Ra4 36. Rxd6 Rxa5 37. Rc6 c4 38. d6 Rd5 39. Rxc4 Rxd6 40. h4 h6 41. hxg5 hxg5 42. f3 Kg7 43. Rc5 Kg6 44. Kh2 f6 45. Rc2 Rd8 46. g3 Rh8+ 47. Kg2 fxg3 48. Kxg3 Ra8 49. Rc3 Ra4 50. Rb3 Kh5 51. Rc3 f5 52. Rc2 Ra3 53. Kg2 Kh4 54. Rc4+ f4 55. Rc2 Rd3 56. Rb2 Re3 57. Rc2 Rb3 58. Ra2 g4 59. fxg4 Rh3 60. Ra8 Rg3+ 61. Kf2 Kxg4 62. Rg8+ Kf5 63. Rxg3 fxg3+ 64. Kxg3 1/2-1/2


[Site "https://www.chess.com"]

[Event "Titled Tuesday Blitz January 04 2022"]
[White "Nepomniachtchi, Ian"]
[Black "Mitusov, Semen"]
[WhiteFideId "4168119"]
[BlackFideId "14151049"]
[WhiteElo "2740"]
[BlackElo "2246"]
[Result "1-0"]
[Round "02"]
[TimeControl "180+1"]
[Date "2022.01.04"]
[WhiteClock "0:00:39"]
[BlackClock "0:00:04"]

1. e4 e5 2. f4 d5 3. exd5 exf4 4. Nf3 Nf6 5. Bb5+ c6 6. dxc6 Nxc6 7. Nc3 Bd6 8. Qe2+ Be6 9. Nd4 Qd7 10. Nxe6 fxe6 11. d4 O-O 12. Bd2 Rae8 13. O-O-O a6 14. Bxc6 Qxc6 15. Rhe1 Nd5 16. Ne4 Bb8 17. Kb1 e5 18. c4 Nb6 19. Bb4 Rf7 20. Bc5 Nd7 21. d5 Qg6 22. Ka1 Rc8 23. Ba3 h6 24. c5 Kh7 25. Qd3 Kh8 26. Re2 Qh5 27. Rc2 Nf6 28. Nxf6 Rxf6 29. Qe2 Qf5 30. d6 e4 31. c6 bxc6 32. Qxa6 Rd8 33. Rxc6 e3 34. Qb6 Rff8 35. Bb4 Qe4 36. Rg1 e2 37. a3 Ba7 38. Qxa7 Qxc6 39. Qf2 Qe4 40. Re1 Rfe8 41. h4 Re6 42. Qb6 Rd7 43. Qb5 Rd8 44. Qb6 Rd7 45. Qb8+ Re8 46. Qb5 Rdd8 47. d7 Re6 48. Ba5 Qc2 49. Qd5 Re5 50. Qxe5 Qd1+ 51. Ka2 Rxd7 52. Qe8+ Kh7 53. Qe4+ g6 54. Rxe2 Qd6 55. Bc3 1-0


[Site "https://www.chess.com"]

[Event "Titled Tuesday Blitz January 04 2022"]
[White "Nesterov, Arseniy"]
[Black "Fedotov, Nikita"]
[WhiteFideId "24198455"]
[BlackFideId "24161446"]
[WhiteElo "2489"]
[BlackElo "2102"]
[Result "0-1"]
[Round "02"]
[TimeControl "180+1"]
[Date "2022.01.04"]
[WhiteClock "0:00:07"]
[BlackClock "0:00:32"]

1. d4 Nf6 2. c4 c5 3. d5 b5 4. Qc2 d6 5. e4 g6 6. cxb5 a6 7. Bd2 Bg7 8. Bc3 O-O 9. Nf3 Bb7 10. Nbd2 e6 11. dxe6 fxe6 12. e5 Nd5 13. exd6 Nxc3 14. bxc3 Qxd6 15. Be2 axb5 16. Bxb5 Ba6 17. Rb1 Bxb5 18. Rxb5 Qa6 19. c4 Nc6 20. O-O Nd4 21. Nxd4 Bxd4 22. Nf3 Qxa2 23. Nxd4 cxd4 24. Rb2 Qa5 25. Qe4 e5 26. Rb5 Qd2 27. Qd5+ Kg7 28. Rb7+ Kh6 29. Qxe5 Qxf2+ 30. Rxf2 Ra1+ 0-1


[Site "https://www.chess.com"]

[Event "Titled Tuesday Blitz January 04 2022"]
[White "Onyshchuk, Volodymyr"]
[Black "Cunha, Lucas Aguiar"]
[WhiteFideId "14114038"]
[BlackFideId "2125404"]
[WhiteElo "2642"]
[BlackElo "2361"]
[Result "1-0"]
[Round "02"]
[TimeControl "180+1"]
[Date "2022.01.04"]
[WhiteClock "0:00:52"]
[BlackClock "0:00:42"]

1. g3 d5 2. Bg2 Nf6 3. b3 c5 4. Bb2 Nc6 5. e3 g6 6. d3 Bg7 7. Nd2 O-O 8. Ne2 a5 9. a4 d4 10. e4 Ne8 11. O-O e5 12. f4 Nd6 13. Bc1 Re8 14. Nc4 Nxc4 15. bxc4 exf4 16. Nxf4 Ne5 17. Nd5 Bg4 18. Qe1 Be6 19. Rb1 Bxd5 20. cxd5 Qd7 21. Rb5 b6 22. Bf4 Rab8 23. Qd2 c4 24. Bxe5 c3 25. Qf2 Bxe5 26. Rfb1 Qd6 27. Bh3 Re7 28. R1b3 Kg7 29. Rb1 Qa3 30. Rxb6 Rxb6 31. Rxb6 Qxa4 32. d6 Re8 33. Rb7 Rf8 34. Be6 Qe8 35. Re7 Qb8 36. Rxf7+ Rxf7 37. Qxf7+ Kh6 38. d7 Qb1+ 39. Kg2 Qxc2+ 40. Kh3 Bc7 41. Qf8+ Kg5 42. d8=Q+ Bxd8 43. Qf4+ 1-0


[Site "https://www.chess.com"]

[Event "Titled Tuesday Blitz January 04 2022"]
[White "Ozer, Omer Faruk"]
[Black "Bortnyk, Olexandr"]
[WhiteFideId "6354564"]
[BlackFideId "14120828"]
[WhiteElo "2050"]
[BlackElo "2723"]
[Result "0-1"]
[Round "02"]
[TimeControl "180+1"]
[Date "2022.01.04"]
[WhiteClock "0:00:03"]
[BlackClock "0:00:09"]

1. e4 Nf6 2. e5 Nd5 3. d4 d6 4. c4 Nb6 5. exd6 exd6 6. h3 Be7 7. Bd3 O-O 8. Nf3 Bf6 9. O-O Nc6 10. Nc3 Re8 11. b3 a5 12. Be3 Nd7 13. a3 Nf8 14. Nd5 h6 15. Re1 Ng6 16. Qd2 Bd7 17. b4 axb4 18. axb4 Rxa1 19. Rxa1 Be6 20. Nxf6+ Qxf6 21. b5 Nce7 22. Nh2 Nf5 23. Ng4 Qh4 24. Re1 Ra8 25. d5 Bd7 26. Bxf5 Bxf5 27. Bxh6 Bxg4 28. Bg5 Qh5 29. hxg4 Qxg4 30. b6 cxb6 31. Rc1 Ne5 32. Kf1 Nxc4 33. Qf4 Qxf4 34. Bxf4 b5 35. Rb1 Ra5 36. Ke2 Kf8 37. Kd3 Ke7 38. Kd4 Ra4 39. Kd3 Na3 40. Re1+ Kd7 41. Bd2 Nc4 42. Bc3 f6 43. Rb1 Na3 44. Rb3 Ra8 45. Bb4 Nc4 46. Bc3 Na3 47. Bb4 Nc4 48. Bc3 Ne5+ 49. Bxe5 dxe5 50. Rxb5 Ra7 51. Ke4 Kd6 52. Kf5 Ra2 53. f3 Rxg2 54. Rxb7 Kxd5 55. Rd7+ Kc6 56. Ke6 Rg3 57. Rd6+ Kc5 58. Rd7 Kc4 59. Rc7+ Kd4 60. Kf5 Rxf3+ 61. Kg4 Rf4+ 62. Kg3 g5 63. Rf7 Ke4 64. Rd7 Kf5 65. Rd5 g4 66. Rd1 Rf3+ 67. Kg2 Kf4 68. Re1 e4 69. Rh1 f5 70. Rh5 e3 71. Rh8 Rf2+ 72. Kg1 Rd2 73. Re8 Kf3 74. Kh1 Rd1+ 0-1


[Site "https://www.chess.com"]

[Event "Titled Tuesday Blitz January 04 2022"]
[White "Perez Ponsa, Federico"]
[Black "Valdes Romero, Leonardo"]
[WhiteFideId "117927"]
[BlackFideId "6500331"]
[WhiteElo "2672"]
[BlackElo "2497"]
[Result "1-0"]
[Round "02"]
[TimeControl "180+1"]
[Date "2022.01.04"]
[WhiteClock "0:00:19"]
[BlackClock "0:00:12"]

1. d4 d6 2. Nf3 Nf6 3. Nc3 Nbd7 4. e4 e5 5. Rg1 g6 6. g4 Bg7 7. g5 Nh5 8. Be3 O-O 9. Qd2 c6 10. a4 a5 11. Be2 Qe7 12. O-O-O Re8 13. dxe5 dxe5 14. Qd6 Qxd6 15. Rxd6 Bf8 16. Rdd1 Bc5 17. Nd2 Ng7 18. Nc4 Bxe3+ 19. fxe3 Nc5 20. Nd6 Re7 21. h4 Be6 22. Nc4 Bxc4 23. Bxc4 Nge6 24. Rgf1 Rd8 25. b3 Rxd1+ 26. Kxd1 Kg7 27. Ke2 h6 28. gxh6+ Kxh6 29. Kf3 Kg7 30. Rg1 Rd7 31. Ke2 Rd8 32. h5 g5 33. Bxe6 Nxe6 34. Nd1 Rh8 35. Rh1 f6 36. Nf2 Kf7 37. Ng4 Ke7 38. h6 Nf8 39. Rf1 Nh7 40. c3 Rd8 41. b4 axb4 42. cxb4 Ra8 43. a5 Ke6 44. Kd3 Rd8+ 45. Kc3 Rd7 46. Ra1 Kf7 47. a6 bxa6 48. Rxa6 Rc7 49. Kc4 Kg6 50. Kc5 Kh5 51. Nf2 Kxh6 52. Rxc6 Rb7 53. b5 Kh5 54. b6 g4 55. Rc7 Rb8 56. Rxh7+ Kg6 57. Rh4 g3 58. Rg4+ 1-0


[Site "https://www.chess.com"]

[Event "Titled Tuesday Blitz January 04 2022"]
[White "Pichot, Alan"]
[Black "Agasarov, Benik"]
[WhiteFideId "110973"]
[BlackFideId "13314823"]
[WhiteElo "2543"]
[BlackElo "2605"]
[Result "1/2-1/2"]
[Round "02"]
[TimeControl "180+1"]
[Date "2022.01.04"]
[WhiteClock "0:00:02"]
[BlackClock "0:00:21"]

1. e4 e5 2. Nf3 Nc6 3. Bb5 Bc5 4. O-O Nd4 5. Ba4 Nxf3+ 6. Qxf3 Nf6 7. d3 c6 8. c3 O-O 9. Bg5 Be7 10. Bh4 d6 11. h3 a5 12. Bg3 b5 13. Bc2 a4 14. d4 Nd7 15. a3 Bf6 16. Rd1 Qe7 17. Qd3 Ba6 18. dxe5 Bxe5 19. Bxe5 Nxe5 20. Qxd6 Qxd6 21. Rxd6 Rad8 22. Rd4 c5 23. Rd5 Rxd5 24. exd5 Rd8 25. b3 axb3 26. Bxb3 c4 27. Bc2 Rxd5 28. a4 g6 29. axb5 Bxb5 30. Ra5 Nc6 31. Ra8+ Kg7 32. Na3 Ne5 33. f4 Nd3 34. Ra5 Bc6 35. Rxd5 Bxd5 36. g3 Nc5 37. Kf2 f5 38. Ke3 Ne6 39. Bd1 g5 40. Be2 gxf4+ 41. gxf4 Nc7 42. Nxc4 Bg2 43. h4 Nd5+ 44. Kf2 Be4 45. Nd6 Nxc3 46. Nxe4 Nxe4+ 47. Ke3 Kf6 48. Bf3 Nd6 49. Kd4 Nf7 50. Ke3 h6 51. Kd4 Nd8 52. Bd5 h5 53. Kc5 Ke7 54. Kc4 Kd7 55. Kd4 Kd6 56. Bb3 Nc6+ 57. Ke3 Ne7 58. Bf7 Nd5+ 59. Kf3 Nf6 60. Bb3 Kc5 61. Be6 Kd6 62. Bxf5 Ke7 63. Bc2 Nd5 64. Bd1 Kf6 65. Kg3 Nxf4 66. Kxf4 Kg6 67. Bxh5+ Kxh5 68. Kg3 Kh6 69. Kg4 Kh7 1/2-1/2


[Site "https://www.chess.com"]

[Event "Titled Tuesday Blitz January 04 2022"]
[White "Plazuelo Pascual, Juan"]
[Black "Ibarra Jerez, Jose Carlos"]
[WhiteFideId "32059566"]
[BlackFideId "2226332"]
[WhiteElo "2364"]
[BlackElo "2626"]
[Result "0-1"]
[Round "02"]
[TimeControl "180+1"]
[Date "2022.01.04"]
[WhiteClock "0:00:06"]
[BlackClock "0:00:28"]

1. d4 Nf6 2. Bg5 d5 3. Bxf6 gxf6 4. e3 c5 5. dxc5 e6 6. Nf3 Bxc5 7. Be2 Qb6 8. Qc1 Nc6 9. O-O Bd7 10. Nc3 Ne5 11. a4 a6 12. a5 Qc7 13. Na4 Qxa5 14. Nxc5 Qxc5 15. Qd2 Rc8 16. c3 O-O 17. e4 Nxf3+ 18. Bxf3 dxe4 19. Qxd7 exf3 20. Qxb7 fxg2 21. Qxg2+ Kh8 22. Kh1 Qf5 23. f4 Rg8 24. Qf3 Rcd8 25. Rg1 Rg6 26. Rxg6 hxg6 27. Rd1 Rxd1+ 28. Qxd1 Qxf4 29. Qa1 Qf3+ 30. Kg1 Qe3+ 31. Kg2 Qd2+ 32. Kg1 Kg7 33. Qa3 e5 34. c4 e4 0-1


[Site "https://www.chess.com"]

[Event "Titled Tuesday Blitz January 04 2022"]
[White "Potapova, Margarita"]
[Black "Moskalenko, Alexander"]
[WhiteFideId "14126869"]
[BlackFideId "4155351"]
[WhiteElo "2209"]
[BlackElo "2515"]
[Result "0-1"]
[Round "02"]
[TimeControl "180+1"]
[Date "2022.01.04"]
[WhiteClock "0:00:12"]
[BlackClock "0:01:41"]

1. d4 Nf6 2. c4 e6 3. Nc3 Bb4 4. Qc2 O-O 5. e4 d6 6. e5 dxe5 7. dxe5 Nfd7 8. Nf3 Nc6 9. Bf4 f6 10. exf6 Qxf6 11. Be3 Bxc3+ 12. Qxc3 Qxc3+ 13. bxc3 Nf6 14. h3 e5 15. c5 Be6 16. Ng5 Bd5 17. c4 Bf7 18. Nxf7 Rxf7 19. Rb1 Rd8 20. Be2 Nd4 21. Bd1 Ne4 22. Rxb7 Nxc5 23. Rxa7 Nd3+ 24. Kd2 Nxf2 25. Rf1 Nf5+ 26. Ke2 Ng3+ 27. Ke1 Rxd1# 0-1


[Site "https://www.chess.com"]

[Event "Titled Tuesday Blitz January 04 2022"]
[White "Pranav, V"]
[Black "Pelopidass"]
[WhiteFideId "25060783"]
[WhiteElo "2349"]
[BlackElo "2592"]
[Result "1-0"]
[Round "02"]
[TimeControl "180+1"]
[Date "2022.01.04"]
[WhiteClock "0:01:02"]
[BlackClock "0:00:04"]

1. e4 e6 2. d4 d5 3. Nc3 Bb4 4. e5 c5 5. a3 Bxc3+ 6. bxc3 Qa5 7. Bd2 Qa4 8. Qb1 c4 9. Ne2 Ne7 10. Nf4 Nbc6 11. Nh5 O-O 12. Be2 Qa5 13. a4 Nf5 14. Qd1 Bd7 15. O-O Qd8 16. Bg4 Nce7 17. Bc1 Qa5 18. Qf3 Ng6 19. Ba3 Rfd8 20. Bb4 Qc7 21. a5 Nfh4 22. Qh3 Be8 23. g3 Nf5 24. Bxf5 exf5 25. Qxf5 Bd7 26. Qf3 Bh3 27. Rfe1 Qd7 28. Nf4 Nxf4 29. Qxf4 Qf5 30. Qxf5 Bxf5 31. Ra2 Rd7 32. Bc5 a6 33. Rb1 Re8 34. Rb6 Rc7 35. Rab2 Bc8 36. Rd6 Be6 37. Kg2 g6 38. h3 h5 39. f3 Kg7 40. Rdb6 Bc8 41. Rb1 Re6 42. Bd6 Rd7 43. g4 hxg4 44. hxg4 f6 45. Kg3 fxe5 46. Bxe5+ Kf7 47. Rh1 Rxb6 48. axb6 Rd8 49. Rh7+ Ke6 50. Rg7 Re8 51. Rxg6+ Kd7 52. Rg7+ Kc6 53. Bc7 a5 54. Rg6+ Kb5 55. Bd6 a4 56. Rh6 Re3 57. Bb4 a3 58. Bxa3 Rxc3 59. Bc5 Rxc2 60. g5 c3 61. g6 Re2 62. g7 c2 63. Rh1 Be6 64. Ba3 Kc4 65. Bc1 Kd3 66. Kf4 Kc3 67. Kg5 Bg8 68. Rh8 Re1 69. Bf4 Re8 70. Kf6 Re6+ 71. Kf5 Re8 72. Bc1 Kd3 73. f4 Kxd4 74. Kg6 Kc4 75. f5 d4 76. f6 d3 77. Rxg8 Rxg8 78. f7 Rxg7+ 79. Kxg7 Kc3 80. f8=Q d2 81. Qf3+ 1-0


[Site "https://www.chess.com"]

[Event "Titled Tuesday Blitz January 04 2022"]
[White "Primbetov, Kazbek"]
[Black "Djordjevic, Vuk"]
[WhiteFideId "13702297"]
[BlackFideId "902098"]
[WhiteElo "2184"]
[BlackElo "2463"]
[Result "1-0"]
[Round "02"]
[TimeControl "180+1"]
[Date "2022.01.04"]
[WhiteClock "0:00:06"]
[BlackClock "0:00:01"]

1. e4 e6 2. d4 d5 3. Nc3 Bb4 4. a3 Bxc3+ 5. bxc3 dxe4 6. Qg4 Nf6 7. Qxg7 Rg8 8. Qh6 c5 9. Bb2 Nbd7 10. O-O-O Ng4 11. Qd2 Qg5 12. Qxg5 Rxg5 13. Nh3 Rf5 14. Rd2 b6 15. Bb5 cxd4 16. Bc6 dxc3 17. Bxc3 Rc5 18. Bxa8 Rxc3 19. Bxe4 Rxa3 20. Kb2 Ra4 21. Bc6 Rc4 22. Bxd7+ Bxd7 23. Rhd1 Nf6 24. Rd4 Rc5 25. f4 Bc6 26. g3 Nd5 27. Re1 Ne7 28. Ng5 h6 29. Ne4 Bxe4 30. Rexe4 Nf5 31. Ra4 a5 32. c4 Nd6 33. Rd4 Ke7 34. g4 h5 35. h3 hxg4 36. hxg4 Rc8 37. Kb3 Nb7 38. Ra2 Nc5+ 39. Kc3 Rh8 40. Rb2 Rh3+ 41. Kc2 Na4 42. Rb3 Rh2+ 43. Rd2 Rh4 44. Rg2 Kd6 45. Rb5 Kc6 46. Rh5 Rxh5 47. gxh5 Nc5 48. h6 1-0


[Site "https://www.chess.com"]

[Event "Titled Tuesday Blitz January 04 2022"]
[White "Provotorov, Ivan"]
[Black "Demchenko, Anton"]
[WhiteFideId "4154657"]
[BlackFideId "4160258"]
[WhiteElo "2291"]
[BlackElo "2539"]
[Result "1-0"]
[Round "02"]
[TimeControl "180+1"]
[Date "2022.01.04"]
[WhiteClock "0:00:06"]
[BlackClock "0:00:04"]

1. c4 e5 2. Nc3 Bb4 3. Qc2 Nf6 4. Nf3 Bxc3 5. Qxc3 d6 6. d4 e4 7. Ng5 h6 8. Nh3 Bxh3 9. Qxh3 Nc6 10. Qc3 d5 11. e3 O-O 12. b3 Ne7 13. Be2 Re8 14. O-O Nf5 15. Bd2 c6 16. b4 a6 17. a4 Rc8 18. Qb3 Qc7 19. Rfc1 Qd6 20. b5 axb5 21. cxb5 h5 22. Bb4 Qe6 23. a5 cxb5 24. Bxb5 Rxc1+ 25. Rxc1 Ra8 26. Rc7 Nd6 27. Bf1 Nfe8 28. Bxd6 Nxd6 29. Qb6 h4 30. a6 bxa6 31. Rc6 Rc8 32. Rxd6 Qe7 33. Rxd5 h3 34. g3 Kh7 35. Re5 Qd7 36. Rh5+ Kg8 37. Bxh3 Rc1+ 38. Kg2 Qe8 39. Re5 Qf8 40. Qb2 Rd1 41. Qb3 Rc1 42. Qa4 Qc8 43. Bxc8 Rxc8 44. Re8+ Rxe8 45. Qxe8+ Kh7 46. Qa8 g6 47. Qxa6 Kg7 48. Qb5 1-0


[Site "https://www.chess.com"]

[Event "Titled Tuesday Blitz January 04 2022"]
[White "Riehle, Marco"]
[Black "Nguyen, Ngoc Truong Son"]
[WhiteFideId "12904392"]
[BlackFideId "12401110"]
[WhiteElo "2462"]
[BlackElo "2596"]
[Result "1-0"]
[Round "02"]
[TimeControl "180+1"]
[Date "2022.01.04"]
[WhiteClock "0:01:12"]
[BlackClock "0:00:05"]

1. e4 e5 2. Nf3 Nf6 3. Nxe5 d6 4. Nf3 Nxe4 5. Nc3 Nf6 6. d4 g6 7. Bd3 Bg7 8. Bg5 h6 9. Bh4 Qe7+ 10. Ne2 Bg4 11. Qd2 Bxf3 12. gxf3 Nbd7 13. O-O-O O-O-O 14. Rhe1 Rhe8 15. Qa5 Kb8 16. Nc3 Qxe1 17. Rxe1 Rxe1+ 18. Kd2 Ree8 19. Nb5 Nb6 20. Qxa7+ Kc8 21. a4 Nbd5 22. Be4 Rxe4 23. fxe4 Nxe4+ 24. Kc1 Re8 25. Qa8+ Kd7 26. Qxb7 Bf6 27. Bxf6 Nexf6 28. c4 Re1+ 29. Kd2 1-0


[Site "https://www.chess.com"]

[Event "Titled Tuesday Blitz January 04 2022"]
[White "Romanchuk, Viktor"]
[Black "Grandelius, Nils"]
[WhiteFideId "14109271"]
[BlackFideId "1710400"]
[WhiteElo "2242"]
[BlackElo "2617"]
[Result "0-1"]
[Round "02"]
[TimeControl "180+1"]
[Date "2022.01.04"]
[WhiteClock "0:00:01"]
[BlackClock "0:00:37"]

1. d4 d5 2. c4 e6 3. Nc3 a6 4. cxd5 exd5 5. Nf3 h6 6. Bf4 Nf6 7. e3 Bd6 8. Bg3 O-O 9. Bd3 c6 10. Qc2 Re8 11. O-O Bxg3 12. hxg3 Be6 13. b4 Nbd7 14. Na4 Qe7 15. Nc5 Nb6 16. Ne5 Nc8 17. a4 Nd6 18. b5 cxb5 19. axb5 a5 20. b6 Rec8 21. Ra3 Nde4 22. Bxe4 Nxe4 23. Ned3 Rc6 24. Qb2 Nd6 25. Ne5 Rcc8 26. Rfa1 f6 27. Ng6 Qe8 28. Nxe6 Nc4 29. Qb3 Qxe6 30. Nf4 Qd6 31. Ra4 g5 32. Nd3 Rc6 33. Nc5 Rxb6 34. Qc2 Kg7 35. Qf5 Re8 36. Nd7 Rb2 37. Nc5 b6 38. Nd3 Rd2 39. R4a2 Qe6 40. Qxe6 Rxe6 0-1


[Site "https://www.chess.com"]

[Event "Titled Tuesday Blitz January 04 2022"]
[White "Sadhwani, Raunak"]
[Black "Taboas Rodriguez, Daniel"]
[WhiteFideId "35093487"]
[BlackFideId "2208466"]
[WhiteElo "2616"]
[BlackElo "2429"]
[Result "1-0"]
[Round "02"]
[TimeControl "180+1"]
[Date "2022.01.04"]
[WhiteClock "0:01:46"]
[BlackClock "0:01:12"]

1. e4 e6 2. d4 d5 3. Nc3 Nc6 4. Nf3 Nf6 5. e5 Ne4 6. Bd3 Bb4 7. O-O Nxc3 8. bxc3 Bxc3 9. Rb1 h6 10. Ba3 a5 11. Rb3 Bb4 12. Bc1 b6 13. h4 Ba6 14. Bxa6 Rxa6 15. h5 a4 16. Rb1 Be7 17. Nh2 O-O 18. Ng4 Re8 19. c3 Bf8 20. Bxh6 gxh6 21. Nf6+ Kh8 22. Qd3 Qxf6 23. exf6 Ra5 24. f4 Bd6 25. Rf3 Rg8 26. Rbf1 a3 27. Qe3 Rb5 28. f5 Kh7 29. fxe6 fxe6 30. Qd3+ 1-0


[Site "https://www.chess.com"]

[Event "Titled Tuesday Blitz January 04 2022"]
[White "Safarli, Eltaj"]
[Black "Hirneise, Jens"]
[WhiteFideId "13402129"]
[BlackFideId "24614734"]
[WhiteElo "2634"]
[BlackElo "2323"]
[Result "1/2-1/2"]
[Round "02"]
[TimeControl "180+1"]
[Date "2022.01.04"]
[WhiteClock "0:00:11"]
[BlackClock "0:00:10"]

1. e4 d5 2. exd5 Qxd5 3. Nc3 Qe5+ 4. Be2 c6 5. Nf3 Qc7 6. O-O Nf6 7. d4 Bg4 8. Ne5 Bxe2 9. Qxe2 e6 10. Bg5 Be7 11. Rfe1 O-O 12. Rad1 Nbd7 13. Rd3 Nxe5 14. dxe5 Nd5 15. Bxe7 Nxc3 16. Qd2 Qxe7 17. Qxc3 Rfd8 18. Red1 Rd5 19. Rxd5 cxd5 20. Qd4 Qc7 21. c3 b5 22. h4 h5 23. Re1 Qc4 24. Qxc4 bxc4 25. f3 Rb8 26. Re2 Rb6 27. Kf2 Kf8 28. Ke3 Ke7 29. Kd4 Kd7 30. g4 hxg4 31. fxg4 Rb8 32. h5 f6 33. g5 fxe5+ 34. Rxe5 Rf8 35. Kc5 Rf4 36. g6 Rh4 37. Re2 Rxh5 38. Rf2 Rf5 39. Rxf5 exf5 40. Kxd5 Ke7 41. Ke5 f4 42. Kxf4 Kf6 43. b4 cxb3 44. axb3 Kxg6 45. b4 Kf6 46. c4 Ke6 47. Ke4 g5 48. c5 a6 49. Kd4 g4 50. Ke4 g3 51. Kf3 Kd5 52. Kxg3 a5 53. bxa5 Kxc5 54. a6 Kb6 55. a7 Kxa7 1/2-1/2


[Site "https://www.chess.com"]

[Event "Titled Tuesday Blitz January 04 2022"]
[White "Sanal, Vahap"]
[Black "Coto Mederos, Michel"]
[WhiteFideId "6300545"]
[BlackFideId "3508528"]
[WhiteElo "2603"]
[BlackElo "2427"]
[Result "1-0"]
[Round "02"]
[TimeControl "180+1"]
[Date "2022.01.04"]
[WhiteClock "0:01:41"]
[BlackClock "0:00:07"]

1. e4 e5 2. Nf3 Nc6 3. Bb5 a6 4. Ba4 Nf6 5. O-O b5 6. Bb3 Bc5 7. Nc3 d6 8. Nd5 Na5 9. d4 Nxb3 10. axb3 Nxd5 11. exd5 Bb6 12. dxe5 dxe5 13. Nxe5 O-O 14. Bf4 Bf5 15. c4 Re8 16. Nc6 Qf6 17. Qd2 bxc4 18. bxc4 Re4 19. Bg5 Qd6 20. b4 Rae8 21. c5 Bxc5 22. bxc5 Qxc5 23. Rae1 h6 24. Rxe4 Bxe4 25. Bh4 Bxd5 26. Ne7+ Rxe7 27. Bxe7 Qxe7 28. Qxd5 g6 29. Qa8+ 1-0


[Site "https://www.chess.com"]

[Event "Titled Tuesday Blitz January 04 2022"]
[White "Sarana, Alexey"]
[Black "Senthil Maran K"]
[WhiteFideId "24133795"]
[BlackFideId "25035681"]
[WhiteElo "2665"]
[BlackElo "2194"]
[Result "0-1"]
[Round "02"]
[TimeControl "180+1"]
[Date "2022.01.04"]
[WhiteClock "0:00:36"]
[BlackClock "0:01:05"]

1. e4 c6 2. Nf3 d5 3. Nc3 g6 4. d4 Bg4 5. h3 Bxf3 6. Qxf3 e6 7. Bd3 Bg7 8. Be3 Ne7 9. O-O-O Nd7 10. h4 h5 11. e5 c5 12. Nb5 O-O 13. Rhe1 Qa5 14. Nc3 cxd4 15. Bxd4 Nc6 16. Qe3 Ndxe5 17. Bxe5 Nxe5 18. Be2 Rfc8 19. Kb1 Nc4 20. Bxc4 Rxc4 21. Ne2 Rac8 22. c3 b5 23. a3 Qc7 24. f4 a5 25. g4 hxg4 26. h5 gxh5 27. f5 Re4 28. Qg5 Qe5 29. Rd2 Qxf5 30. Qe7 Rxe2+ 31. Ka2 Rxd2 0-1


[Site "https://www.chess.com"]

[Event "Titled Tuesday Blitz January 04 2022"]
[White "Saveljev, Vladislav"]
[Black "Drozdowski, Kacper"]
[WhiteFideId "4128494"]
[BlackFideId "1136720"]
[WhiteElo "2331"]
[BlackElo "2507"]
[Result "0-1"]
[Round "02"]
[TimeControl "180+1"]
[Date "2022.01.04"]
[WhiteClock "0:00:52"]
[BlackClock "0:01:55"]

1. d4 Nf6 2. c4 g6 3. Nc3 d5 4. Nf3 Bg7 5. Bg5 Ne4 6. cxd5 Nxg5 7. Nxg5 e6 8. Nf3 exd5 9. e3 c6 10. Be2 O-O 11. O-O a5 12. a3 Nd7 13. b4 axb4 14. axb4 Rxa1 15. Qxa1 Qb6 16. b5 Re8 17. bxc6 bxc6 18. Rb1 Qc7 19. Na4 h5 20. Qc3 Nf6 21. Rc1 Ne4 22. Qxc6 Qxc6 23. Rxc6 Bd7 24. Ra6 Bxa4 25. Rxa4 Nc3 26. Ra5 Nxe2+ 27. Kf1 Nc3 28. Rc5 Ne4 29. Rxd5 Ra8 30. Ne1 Ra2 31. f3 Nd2+ 32. Kg1 Nc4 33. Rd8+ Kh7 34. Re8 Nxe3 0-1


[Site "https://www.chess.com"]

[Event "Titled Tuesday Blitz January 04 2022"]
[White "Siniauski, Artsiom"]
[Black "Grischuk, Alexander"]
[WhiteFideId "13512269"]
[BlackFideId "4126025"]
[WhiteElo "2191"]
[BlackElo "2762"]
[Result "0-1"]
[Round "02"]
[TimeControl "180+1"]
[Date "2022.01.04"]
[WhiteClock "0:00:03"]
[BlackClock "0:00:11"]

1. e4 c5 2. Nf3 d6 3. Bb5+ Nd7 4. d4 cxd4 5. Qxd4 a6 6. Bxd7+ Bxd7 7. c4 e5 8. Qd3 b5 9. Na3 Qb8 10. O-O h6 11. Be3 Nf6 12. Rfd1 Be7 13. Rac1 O-O 14. Nd2 Rc8 15. f3 Be6 16. Rc2 Qb7 17. b3 Rab8 18. Nab1 Nd7 19. Nc3 Nc5 20. Qe2 bxc4 21. Nxc4 Bxc4 22. bxc4 Ne6 23. Nd5 Bg5 24. Bf2 Rc6 25. h4 Bd8 26. Rdc1 Kh8 27. a3 Ba5 28. Be3 Rbc8 29. Rb2 Qd7 30. Rcb1 Bd8 31. Rb7 Qe8 32. f4 exf4 33. Bxf4 Nxf4 34. Nxf4 Rxc4 35. R1b4 Rc1+ 36. Kh2 Bxh4 37. Qg4 Bg5 38. Nd3 Rd1 39. Rd4 Bf6 40. Rd5 Kg8 41. Qd7 Qxd7 42. Rxd7 Re8 43. Nf2 Be5+ 44. Kh3 Rxd5 45. exd5 Rb8 46. Ne4 Rb3+ 47. Kg4 g6 48. Nxd6 f5+ 49. Nxf5 gxf5+ 50. Kxf5 Bg7 51. g4 Bf8 52. d6 Rd3 53. Ke6 Re3+ 54. Kf5 Rxa3 55. Rd8 Rd3 56. d7 Kf7 57. Ra8 Rd5+ 58. Ke4 Rxd7 59. Rxa6 Rb7 60. Kf5 Rb5+ 61. Kf4 Bg7 62. Rc6 Bf6 63. Ra6 Kg6 64. Ra8 Rb4+ 65. Kf3 Rb3+ 66. Kf4 Bg5+ 67. Ke4 Re3+ 68. Kd4 Rg3 0-1


[Site "https://www.chess.com"]

[Event "Titled Tuesday Blitz January 04 2022"]
[White "Sjugirov, Sanan"]
[Black "Golubev, Mikhail"]
[WhiteFideId "4189302"]
[BlackFideId "14100983"]
[WhiteElo "2602"]
[BlackElo "2374"]
[Result "1-0"]
[Round "02"]
[TimeControl "180+1"]
[Date "2022.01.04"]
[WhiteClock "0:00:10"]
[BlackClock "0:00:01"]

1. e4 c5 2. Nf3 d6 3. Bb5+ Bd7 4. Bxd7+ Qxd7 5. O-O Nc6 6. c3 Nf6 7. Qe2 e6 8. d4 cxd4 9. cxd4 d5 10. e5 Ne4 11. Nbd2 Nxd2 12. Bxd2 Be7 13. g3 O-O 14. Kg2 a6 15. h4 Rac8 16. h5 h6 17. a3 f6 18. exf6 Bxf6 19. Bc3 Rce8 20. Rae1 Qf7 21. Rh1 e5 22. dxe5 d4 23. Bxd4 Nxd4 24. Nxd4 Bxe5 25. Nf3 Bxg3 26. Qd3 Bc7 27. Rxe8 Rxe8 28. Rc1 Qxh5 29. Qc4+ Kh8 30. Qxc7 Re4 31. Nh2 Qg5+ 32. Kh1 Rg4 1-0


[Site "https://www.chess.com"]

[Event "Titled Tuesday Blitz January 04 2022"]
[White "Skatchkov, Valery"]
[Black "Piorun, Kacper"]
[WhiteFideId "24195812"]
[BlackFideId "1130420"]
[WhiteElo "2196"]
[BlackElo "2571"]
[Result "0-1"]
[Round "02"]
[TimeControl "180+1"]
[Date "2022.01.04"]
[WhiteClock "0:00:15"]
[BlackClock "0:00:15"]

1. d4 Nf6 2. c4 g6 3. Nf3 Bg7 4. g3 O-O 5. Bg2 d6 6. O-O Bf5 7. Nc3 c6 8. Bg5 h6 9. Bxf6 Bxf6 10. e4 Bg4 11. h3 Bxf3 12. Bxf3 Qb6 13. Ne2 Na6 14. Qd2 Bg7 15. Rad1 c5 16. b3 cxd4 17. Nxd4 Nc5 18. Bg2 h5 19. Qe3 Ne6 20. Nc2 Qa5 21. a4 Qc5 22. Rfe1 Rab8 23. Kh2 Rfc8 24. h4 Qxe3 25. Nxe3 Nc5 26. Nd5 Kf8 27. Rb1 e6 28. Ne3 Ke7 29. Red1 a6 30. Rd2 Bc3 31. Rdd1 b5 32. axb5 axb5 33. b4 Na4 34. cxb5 Rxb5 35. Bf1 Rbb8 36. b5 Nb6 37. Rbc1 Ra8 38. Kg2 Bb4 39. Rxc8 Nxc8 40. Ra1 Rxa1 41. Nc2 Rb1 42. Bd3 Rb2 43. Nd4 Nb6 44. Nc6+ Kd7 45. Kf3 Bc5 0-1


[Site "https://www.chess.com"]